 Dungeon Crawl Stone Soup version 0.29-a0-920-g5d2155ec51 (webtiles) character file.

Game seed: 12480201500739943087

88 Ajdolov the Cudgeller (level 4, -1/18 (23) HPs)
             Began as a Vine Stalker Fighter on July 27, 2022.
             Was an Initiate of the Shining One.
             Slain by a wight
             ... wielding a +0 mace
              (7 damage)
             ... on level 4 of the Dungeon.
             The game lasted 00:04:32 (1992 turns).

Ajdolov the Cudgeller (Vine Stalker Fighter)        Turns: 1992, Time: 00:04:33

HP:   -1/18 (23)    AC: 12    Str: 21    XL:     4   Next: 53%
MP:   0/5           EV:  5    Int:  8    God:    the Shining One [......]
Gold: 141           SH:  4    Dex: 13    Spells: 3/3 levels left

rFire   . . .      SeeInvis .   h - +0 whip
rCold   . . .      Faith    .   c - +0 buckler
rNeg    . . .      Spirit   +   o - +0 plate armour
rPois   +          Reflect  .   (no helmet)
rElec   .          Harm     .   (no cloak)
rCorr   .          Rampage  .   (no gloves)
Will    +....                   s - +0 pair of boots
Stlth   ..........              (no amulet)
HPRegen 0.86/turn               l - ring of poison resistance
MPRegen 0.09/turn               u - ring of willpower

@: glowing, heavily drained
A: fangs 2, regeneration 1, magic shield, antimagic bite, no potion heal 2
a: Renounce Religion


You were on level 4 of the Dungeon.
You worshipped the Shining One.
The Shining One was noncommittal.
You visited 1 branch of the dungeon, and saw 4 of its levels.

You collected 154 gold pieces.
You spent 13 gold pieces at shops.

Inventory:

Hand Weapons
 a - a +0 flail
 h - a +0 whip (weapon)
Missiles
 i - 2 boomerangs of dispersal (quivered)
Armour
 c - a +0 buckler (worn)
 o - a +0 plate armour (worn)
 s - a +0 pair of boots (worn)
Jewellery
 l - a ring of poison resistance (left hand)
 u - a ring of willpower (right hand)
Scrolls
 e - 5 scrolls of identify {unknown}
 m - a scroll of fear {unknown}
 p - a scroll of immolation {unknown}
 r - 2 scrolls of teleportation {unknown}
 t - a scroll of magic mapping {unknown}
Potions
 b - a potion of lignification {unknown}
 d - 2 potions of might
 f - a potion of resistance {unknown}
 g - a potion of curing {unknown}
 j - 2 potions of degeneration
 k - 2 potions of magic {unknown}
 n - a potion of invisibility {unknown}
 q - a potion of brilliance {unknown}


   Skills:
 - Level 2.6 Fighting
 * Level 3.8(3.9) Maces & Flails
 - Level 1.4(2.8) Staves
 - Level 2.4 Armour
 - Level 2.6 Shields


You had 3 spell levels left.
You didn't know any spells.
Your spell library was empty.

Dungeon Overview and Level Annotations

Branches:
Dungeon (3/15)             Temple (0/1) D:4

Altars:
The Shining One

Shops:
D:1 *

Annotations:
D:3 1 runed translucent door, Crazy Yiuf
D:4 Robin


Innate Abilities, Weirdness & Mutations

You have extremely sharp teeth.
Your natural rate of healing is unusually fast.
When hurt, damage is shared between your health and your magic reserves.
Your bite disrupts and absorbs the magic of your enemies.
Potions cannot restore your health.


Message History

You closely miss the wight. Your bite misses the wight.
The wight barely misses you.
You barely miss the wight. Your bite misses the wight.
The wight hits you but does no damage.
You hit the wight. You bite the wight, but do no damage.
The wight is lightly damaged.
The wight completely misses you.
You hit the wight.
The wight is moderately damaged.
The wight hits you with a +0 mace.
You barely miss the wight. You bite the wight. You drain its power.
You feel invigorated.
The wight is moderately damaged.
The wight hits you with a +0 mace!
You feel drained.
You closely miss the wight. You bite the wight. You drain its power.
You feel invigorated.
The wight is moderately damaged.
The wight hits you but does no damage.
You hit the wight but do no damage. Your bite misses the wight.
The wight is moderately damaged.
The wight hits you with a +0 mace.
You hit the wight. Your bite misses the wight.
The wight is severely damaged.
You block the wight's attack.
You closely miss the wight. Your bite misses the wight.
The wight is severely damaged.
The wight barely misses you.
You hit the wight but do no damage.
The wight is severely damaged.
The wight hits you with a +0 mace.
You feel drained.
* * * LOW HITPOINT WARNING * * *
You barely miss the wight. You bite the wight. You drain its power.
You feel invigorated.
The wight is severely damaged.
The wight hits you with a +0 mace.
* * * LOW HITPOINT WARNING * * *
You barely miss the wight.
The wight is severely damaged.
The wight hits you with a +0 mace!
You die...

.#.#.#.#.#...#
.#.#.#.#.#.g#.#
#.#.#.#.#.#.#g#
#.#.#.#.#....#
#.#.#.#.#g.##
)#.#.#.#g#.#.#
#.#.#.#.#)##..#
#.#.#.#.#z##.#
#.#.#.#@## .#
#.#.#.#.# ..
#.#.#.## ..#
#.#.#.#.# ..
#.#.#.#.##
#.#.#.#)#.#
#...#.#.#)##
..#....#.#.#
#...##.###


You could see a wight.

Vanquished Creatures
  2 adders (D:4)
  A dart slug (D:1)
  9 ball pythons
  5 bats
  3 endoplasms (D:1)
  17 goblins
  8 hobgoblins
  2 jackals (D:1)
  A quokka (D:1)
  2 frilled lizards (D:2)
  2 kobolds (D:1)
  9 rats
61 creatures vanquished.

Vanquished Creatures (others)
  13 plants (D:3)
13 creatures vanquished.

Grand Total: 74 creatures vanquished

Notes
Turn   | Place    | Note
-------+----------+-------------------------------------------
     0 | D:1      | Ajdolov the Vine Stalker Fighter began the quest for the
                  | Orb.
     0 | D:1      | Reached XP level 1. HP: 11/11 MP: 2/2
     7 | D:1      | Noticed a water moccasin
     7 | D:1      | Noticed a four-headed hydra
     8 | D:1      | Noticed a polar bear
     8 | D:1      | Noticed a lindwurm
    67 | D:1      | Reached skill level 2 in Maces & Flails
    76 | D:1      | Reached XP level 2. HP: 6/16 MP: 3/3
   430 | D:1      | Found Ligracur's General Store.
   454 | D:1      | Bought a potion of degeneration for 13 gold pieces
   679 | D:1      | Reached skill level 1 in Staves
   779 | D:1      | Reached XP level 3. HP: 19/19 MP: 4/4
  1108 | D:2      | Found a glowing golden altar of the Shining One.
  1134 | D:2      | Became a worshipper of the Shining One
  1301 | D:2      | Found a faded altar of an unknown god.
  1504 | D:2      | Reached skill level 3 in Maces & Flails
  1784 | D:3      | Found a runed translucent door.
  1785 | D:3      | Noticed Crazy Yiuf
  1865 | D:3      | You fall into a shaft and drop 1 floor!
  1879 | D:4      | Gained mutation: Your natural rate of healing is unusually
                  | fast. [Vine Stalker growth]
  1879 | D:4      | Reached XP level 4. HP: 23/23 MP: 5/5
  1911 | D:4      | Found a staircase to the Ecumenical Temple.
  1931 | D:4      | Noticed Robin
  1992 | D:4      | Slain by a wight

Illustrated notes

Levels and vault maps discovered:
D:1:      onia_arrival_zoo_common, layout_rooms, serial_shops,
          nicolae_diamond_shop
D:2:      layout_loops_ring, basic_altar, shapermc_ecumenical_altar_ellora,
          nrook_mini_backslash
D:3:      layout_rooms, serial_bayou, serial_bayou_lake_a,
          serial_bayou_crossing, serial_bayou_lagoon_a, serial_bayou_lagoon_b,
          serial_bayou_ford_a, serial_bayou_pond_a, uniq_terence,
          uniq_crazy_yiuf_cottage, uniq_grinder
D:4:      layout_basic, minmay_temple_entry_tees, uniq_ijyb, uniq_blork_the_orc,
          uniq_robin

Skill      XL: |  1  2  3 |
---------------+----------+-----
Maces & Flails | 2 3 |  3.8
Staves         | 1 |  1.4
Fighting       | |  2.6
Armour         | |  2.4
Shields        | |  2.6

Action                   |  1- 3 |  4- 6 || total
-------------------------+-------+-------++-------
Melee: Flail             |    16 |       ||    16
       Bite              |    21 |    18 ||    39
       Whip              |    99 |    81 ||   180
Armor: Scale mail        |    25 |       ||    25
       Plate armour      |    30 |    40 ||    70
Dodge: Dodged            |    49 |    18 ||    67
Block: Buckler           |    23 |    11 ||    34

Table legend: (Time is in decaauts)
 A = Elapsed time spent in this place.
 B = Non-inter-level travel time spent in this place.
 C = Inter-level travel time spent in this place.
 D = Time resting spent in this place.
 E = Time spent auto-exploring this place.
 F = Levels seen in this place.
 G = Mean time per level.
                   A        B        C        D        E       F      G
               +--------+--------+--------+--------+--------+-----+--------+
         Total |   1998 |   1914 |     84 |      0 |   1402 |   4 |  499.5 |
       Dungeon |   1998 |   1914 |     84 |      0 |   1402 |   4 |  499.5 |
               +--------+--------+--------+--------+--------+-----+--------+

Top non-repeatable levels by time:
     D:1: 973 daAuts
     D:2: 746 daAuts
     D:3: 154 daAuts
     D:4: 123 daAuts
